 Dungeon Crawl Stone Soup version 0.30-a0-913-g9934a0ce24 (webtiles) character file.

Game seed: 2441775550475185730

48 Zonian the Ruffian (level 3, -9/19 HPs)
             Began as a Vine Stalker Gladiator on Mar 19, 2023.
             Was an Initiate of Ashenzari.
             Blown up by Ijyb (14 damage)
             ... with a mindburst bolt
             ... on level 3 of the Dungeon.
             The game lasted 00:05:03 (1816 turns).

Zonian the Ruffian (Vine Stalker Gladiator)         Turns: 1816, Time: 00:05:04

Health: -9/19      AC:  5    Str: 18    XL:     3   Next: 72%
Magic:  0/4        EV: 12    Int:  8    God:    Ashenzari [......]
Gold:   118        SH:  0    Dex: 15    Spells: 2/2 levels left

rFire   . . .      SeeInvis .      - Unarmed
rCold   . . .      Faith    .    (no shield)
rNeg    . . .      Spirit   +    a - +0 leather armour
rPois   .          Reflect  .    b - +0 helmet
rElec   .          Rampage  .    (no cloak)
rCorr   .                        f - +0 pair of gloves
Will    .....                    (no boots)
Stlth   +                        l - amulet of magic regeneration
HPRegen 0.23/turn                (no ring)
MPRegen 0.49/turn                (no ring)

@: no status effects
A: fangs 2, magic shield, antimagic bite, no potion heal 2
a: Renounce Religion


You were on level 3 of the Dungeon.
You worshipped Ashenzari.
Ashenzari was noncommittal.
You visited 1 branch of the dungeon, and saw 3 of its levels.

You collected 118 gold pieces.

Inventory:

Missiles
 d - 4 javelins (quivered)
Armour
 a - a +0 leather armour (worn)
 b - a +0 helmet (worn)
 f - a +0 pair of gloves (worn)
Jewellery
 l - an amulet of magic regeneration (around neck)
Scrolls
 g - a scroll of silence {unknown}
 h - 2 scrolls of blinking
 i - 2 scrolls of teleportation {unknown}
 j - a scroll of enchant armour {unknown}
Potions
 e - a potion of curing {unknown}
 k - a potion of attraction {unknown}


   Skills:
 + Level 2.5 Fighting
 - Level 2.0 Throwing
 - Level 2.6 Dodging
 + Level 3.6 Unarmed Combat


You had 2 spell levels left.
You didn't know any spells.
Your spell library contained the following spells:

 Spells                   Type           Power      Damage    Failure   Level
 Summon Small Mammal      Summ           0%         N/A       45%         1
 Call Canine Familiar     Summ           0%         N/A       83%         3
 Ignite Poison            Fire/Tmut/Pois 0%         N/A       83%         3
 Summon Guardian Golem    Hex/Summ       0%         N/A       83%         3
 Sticky Flame             Conj/Fire      0%         2d3       99%         4
 Ignition                 Fire           0%         3d3       100%        8


Dungeon Overview and Level Annotations

Branches:
Dungeon (3/15)

Altars:
Ashenzari

Annotations:
D:2 Terence
D:3 Ijyb


Innate Abilities, Weirdness & Mutations

You have extremely sharp teeth.
When hurt, damage is shared between your health and your magic reserves.
Your bite disrupts and absorbs the magic of your enemies.
Potions cannot restore your health.


Message History

Ijyb is lightly wounded.
Ijyb zaps a wand.
You barely resist. You barely miss Ijyb.
Ijyb is lightly wounded.
Ijyb zaps a wand.
Your mind is blasted!
You hit Ijyb but do no damage.
Ijyb is lightly wounded.
Ijyb hits you with a +0 club.
* * * LOW HITPOINT WARNING * * *
Throw: 3 throwing nets
Press: ? - help, Shift-Dir - straight line, f - Ijyb
Aim: Ijyb, wielding a +0 club, wearing a +0 chain mail and carrying a wand of mindburst (4) (lightly wounded, 60% to hit)
You throw a throwing net. The throwing net barely misses Ijyb.
Ijyb closely misses you.
Throw: 2 throwing nets
Press: ? - help, Shift-Dir - straight line, f/p - Ijyb
Aim: Ijyb, wielding a +0 club, wearing a +0 chain mail and carrying a wand of mindburst (4) (lightly wounded, 60% to hit)
You throw a throwing net. The throwing net barely misses Ijyb.
Ijyb zaps a wand.
You barely resist.
Throw: throwing net
Press: ? - help, Shift-Dir - straight line, f/p - Ijyb
Aim: Ijyb, wielding a +0 club, wearing a +0 chain mail and carrying a wand of mindburst (3) (lightly wounded, 60% to hit)
You throw a throwing net. The throwing net hits Ijyb.
Ijyb is caught in the net!
Ijyb is lightly wounded.
Ijyb struggles against the net.
You strike the helpless Ijyb from behind!
You hit Ijyb but do no damage. You bite Ijyb, but do no damage.
Ijyb is lightly wounded.
Ijyb struggles against the net.
You hit Ijyb. You bite Ijyb, but do no damage.
Ijyb is moderately wounded.
You hit Ijyb.
Ijyb is moderately wounded.
Ijyb struggles against the net.
You punch Ijyb!
Ijyb is severely wounded.
Ijyb zaps a wand.
Your mind is blasted!
Ouch! That really hurt!
You die...

.#.
##########.....
(.....g@...#
##.######......
..... .##. ..
.. #


You could see Ijyb (caught).

Vanquished Creatures
  2 dart slugs (D:2)
  4 bats
  3 endoplasms
  3 giant cockroaches (D:2)
  4 goblins
  5 hobgoblins
  6 jackals (D:1)
  3 ball pythons
  2 frilled lizards (D:2)
  3 kobolds
  3 rats
38 creatures vanquished.

Notes
Turn   | Place    | Note
-------+----------+-------------------------------------------
     0 | D:1      | Zonian the Vine Stalker Gladiator began the quest for the
                  | Orb.
     0 | D:1      | Reached XP level 1. HP: 11/11 MP: 2/2
   240 | D:1      | Reached XP level 2. HP: 15/15 MP: 3/3
   849 | D:1      | Reached XP level 3. HP: 18/18 MP: 4/4
  1301 | D:2      | Noticed Terence
  1376 | D:2      | Found a broken altar of Ashenzari.
  1386 | D:2      | Became a worshipper of Ashenzari the Shackled
  1455 | D:2      | Found a faded altar of an unknown god.
  1797 | D:3      | Noticed Ijyb
  1816 | D:3      | Blown up by Ijyb

Illustrated notes

Levels and vault maps discovered:
D:1:      minmay_arrival_stair_chambers, layout_loops_ring
D:2:      layout_loops_ring, basic_altar, shapermc_ecumenical_altar_mp_vishouse,
          uniq_terence
D:3:      wad_pebble_path, layout_basic, uniq_ijyb, uniq_crazy_yiuf_cottage,
          uniq_pargi

Skill      XL: |  1  2 |
---------------+-------+-----
Fighting       | 2 |  2.5
Throwing       | 2 |  2.0
Dodging        | |  2.6
Unarmed Combat | |  3.6

Action                     || total
---------------------------++-------
  Melee: Unarmed           ||   137
         Bite              ||    24
         Punch             ||     2
  Throw: Throwing net      ||     3
    Use: Scroll            ||     1
   Stab: Sleeping          ||     2
         Held in net/web   ||     1
 Armour: Leather armour    ||    48
  Dodge: Dodged            ||    74

Table legend: (Time is in decaauts)
 A = Elapsed time spent in this place.
 B = Non-inter-level travel time spent in this place.
 C = Inter-level travel time spent in this place.
 D = Time resting spent in this place.
 E = Time spent auto-exploring this place.
 F = Levels seen in this place.
 G = Mean time per level.
                   A        B        C        D        E       F      G
               +--------+--------+--------+--------+--------+-----+--------+
         Total |   1807 |   1749 |     58 |    245 |    881 |   3 |  602.3 |
       Dungeon |   1807 |   1749 |     58 |    245 |    881 |   3 |  602.3 |
               +--------+--------+--------+--------+--------+-----+--------+

Top non-repeatable levels by time:
     D:1: 1043 daAuts
     D:2: 746 daAuts
     D:3: 17 daAuts
